 Dungeon Crawl Stone Soup version 0.24.0-2-g5b39cebb1c (webtiles) character file.

Game seed: 4426642745879965074, levelgen mode: deterministic

1515 Mrkan the Ruffian (level 8, -1/80 HPs)
             Began as a Troll Arcane Marksman on Oct 29, 2019.
             Was a Follower of Okawaru.
             Slain by a crocodile (10 damage)
             ... on level 7 of the Dungeon.
             The game lasted 00:12:58 (6022 turns).

Mrkan the Ruffian (Troll Arcane Marksman)           Turns: 6022, Time: 00:12:58

Health: -1/80      AC:  7    Str: 19    XL:     8   Next: 53%
Magic:  8/8        EV: 10    Int: 11    God:    Okawaru [*.....]
Gold:   231        SH:  0    Dex: 10    Spells: 8/9 levels left

rFire    . . .     SeeInvis .     - Unarmed
rCold    . . .     Gourm    +   (no shield)
rNeg     . . .     Faith    .   C - +0 robe (curse)
rPois    .         Spirit   .   (helmet restricted)
rElec    .         Reflect  .   i - +0 cloak
rCorr    .         Harm     .   (gloves unavailable)
MR       .....                  (boots unavailable)
Stlth    +.........             (no amulet)
HPRegen  0.63/turn              (no ring)
MPRegen  0.11/turn              (no ring)

@: no status effects
A: large, unfitting armour, claws 3, fast metabolism 3, gourmand, regeneration
1, shaggy fur 1, tough skin 3
a: Heroism, Renounce Religion


You were on level 7 of the Dungeon.
You worshipped Okawaru.
Okawaru was aware of your devotion.
You were very full.

You visited 2 branches of the dungeon, and saw 8 of its levels.
You also visited: Ossuary.

You collected 231 gold pieces.

Inventory:

Missiles
 c - 4 large rocks (quivered)
 d - 2 throwing nets
 h - 44 poisoned darts
 p - 77 stones
 r - 17 boomerangs
Armour
 i - a +0 cloak (worn)
 C - a cursed +0 robe (worn)
Jewellery
 E - a cursed -3 ring of protection {unknown}
Wands
 l - a wand of flame (26)
 n - a wand of paralysis (7)
 y - a wand of polymorph (7)
 A - a wand of iceblast (11)
Scrolls
 b - 2 scrolls of enchant weapon {unknown}
 e - 17 scrolls of identify {unknown}
 g - 2 scrolls of remove curse {unknown}
 j - a scroll of fear {unknown}
 m - 2 scrolls of blinking {unknown}
 s - 4 scrolls of magic mapping {unknown}
 t - 2 scrolls of fog {unknown}
 u - a scroll of summoning {unknown}
 w - 2 scrolls of teleportation {unknown}
 x - a scroll of acquirement {unknown}
 B - a scroll of noise {unknown}
Potions
 a - a potion of heal wounds {unknown}
 k - 3 potions of might {unknown}
 o - a potion of mutation {unknown}
 q - 2 potions of magic {unknown}
 v - 4 potions of curing {unknown}
 z - 3 potions of degeneration {unknown}
 D - 2 potions of agility {unknown}
 G - a potion of flight {unknown}
Comestibles
 f - 13 rations


   Skills:
 + Level 5.0 Fighting
 * Level 5.4 Throwing
 - Level 1.5 Dodging
 - Level 6.5 Unarmed Combat
 - Level 1.0 Spellcasting
 - Level 2.0 Hexes


You had 8 spell levels left.
You knew the following spells:

 Your Spells              Type           Power        Failure   Level  Hunger
a - Corona                Hex            #......      14%         1    ##.....

Your spell library contained the following spells:

 Spells                   Type           Power        Failure   Level  Hunger
 Slow                     Hex            #.......     22%         2    ###....
 Infusion                 Chrm           #...         32%         1    ##.....
 Ensorcelled Hibernation  Hex/Ice        #.....       32%         2    ###....
 Confuse                  Hex            #.......     38%         3    ####...
 Tukima's Dance           Hex            #.......     38%         3    ####...
 Shroud of Golubria       Chrm/Tloc      #.....       43%         2    ###....
 Song of Slaying          Chrm           #.......     43%         2    ###....
 Dazzling Spray           Conj/Hex       #.....       54%         3    ####...
 Inner Flame              Hex/Fire       #.......     54%         3    ####...
 Portal Projectile        Hex/Tloc       #.....       54%         3    ####...
 Spectral Weapon          Hex/Chrm       #.......     54%         3    ####...
 Regeneration             Chrm/Necr      #.........   67%         3    ####...
 Cause Fear               Hex            #.........   80%         4    #####..
 Leda's Liquefaction      Hex/Erth       #.........   91%         4    #####..


Dungeon Overview and Level Annotations

Branches:
Dungeon (7/15)             Temple (1/1) D:5         Ossuary (visited)

Altars:
Ashenzari
Cheibriados
Dithmenos
Elyvilon
Fedhas
Gozag
Hepliaklqana
Kikubaaqudgha
Makhleb
Nemelex Xobeh
Okawaru
Qazlal
Ru
Sif Muna
Trog
Uskayaw
Vehumet
Wu Jian
Xom
Yredelemnul
Zin
The Shining One

Shops:
D:5 (   D:6 %*(}[


Innate Abilities, Weirdness & Mutations

You are too large for most types of armour.
You have claws for hands.
Your metabolism is lightning-fast.
You like to eat raw meat.
Your natural rate of healing is unusually fast.
You are covered in fur. (AC +1)
You have extremely tough skin. (AC +3)


Message History

Dowan is moderately wounded.
The hound bites you but does no damage. The crocodile closely misses you.
You miss Dowan.
Dowan is moderately wounded.
Dowan hits you but does no damage. The hound closely misses you.
The crocodile bites you!
You scratch Dowan.
Dowan is heavily wounded.
The hound bites you. Dowan hits you but does no damage.
The crocodile bites you!
* * * LOW HITPOINT WARNING * * *
The hound closely misses you.
You mangle Dowan!!
You kill Dowan!
Okawaru accepts your kill.
You hear a distant scream of rage.
The hound bites you but does no damage. The crocodile bites you!
* * * LOW HITPOINT WARNING * * *
The hound barely misses you. The crocodile bites you!
You die...

#..
#.................#
....................##
...................##
...................#
...................#
.................##
.#...........###
.......h..##
.......@t..#
......$.....#
............#
##..........#
#........#.#
.............#
..........#..#
.#........#.##


You could see a crocodile and a hound.

Vanquished Creatures
  Menkaure (Ossuary)
  2 ice beasts (D:6)
  A phantom (D:6)
  2 ogres
  A centaur (D:6)
  Dowan (D:7)
  2 scorpions
  A crimson imp (D:4)
  4 hounds
  2 orc priests (D:5)
  An orc wizard (D:5)
  Crazy Yiuf (D:2)
  A bullfrog skeleton (D:4)
  Ijyb (D:3)
  3 worker ants
  3 mummies (Ossuary)
  A worker ant zombie (D:6)
  4 gnolls (D:2)
  7 adders
  A shadow imp (D:6)
  An adder skeleton (D:5)
  An adder zombie (D:5)
  4 worms
  2 dart slugs
  2 leopard geckos
  19 orcs
  5 giant cockroaches
  2 gnoll zombies (Ossuary)
  9 goblins
  6 hobgoblins
  19 jackals
  4 quokkas
  A ball python (D:5)
  8 bats
  5 frilled lizards
  3 gnoll skeletons (Ossuary)
  6 goblin skeletons (Ossuary)
  5 goblin zombies
  A hobgoblin skeleton (Ossuary)
  2 hobgoblin zombies (Ossuary)
  A jackal zombie (D:5)
  6 kobolds
  4 kobold skeletons (Ossuary)
  3 kobold zombies (Ossuary)
  A leopard gecko skeleton (D:5)
  7 orc skeletons (Ossuary)
  6 orc zombies (Ossuary)
  A quokka zombie (D:4)
  7 rats
  3 rat skeletons (Ossuary)
  8 rat zombies (Ossuary)
192 creatures vanquished.

Vanquished Creatures (others)
  A kobold skeleton (Ossuary)
1 creature vanquished.

Grand Total: 193 creatures vanquished

Notes
Turn   | Place    | Note
-------+----------+-------------------------------------------
     0 | D:1      | Mrkan the Troll Arcane Marksman began the quest for the
                  | Orb.
     0 | D:1      | Reached XP level 1. HP: 18/18 MP: 1/1
   134 | D:1      | Reached skill level 1 in Fighting
   138 | D:1      | Reached skill level 1 in Unarmed Combat
   205 | D:1      | Reached XP level 2. HP: 27/27 MP: 2/2
   574 | D:2      | Reached skill level 2 in Unarmed Combat
   606 | D:2      | Reached XP level 3. HP: 33/33 MP: 3/3
   735 | D:2      | Reached XP level 4. HP: 15/42 MP: 4/4
   738 | D:2      | Reached skill level 3 in Unarmed Combat
  1500 | D:2      | Found a runed translucent door.
  1501 | D:2      | Noticed Crazy Yiuf
  1511 | D:2      | Killed Crazy Yiuf
  1590 | D:3      | Noticed Ijyb
  1595 | D:3      | Paralysed by Ijyb for 5 turns
  1605 | D:3      | Killed Ijyb
  1605 | D:3      | Reached XP level 5. HP: 45/50 MP: 5/5
  1677 | D:3      | Reached skill level 4 in Unarmed Combat
  2483 | D:4      | Noticed an ogre
  2492 | D:4      | Killed an ogre
  2492 | D:4      | Reached XP level 6. HP: 40/59 MP: 6/6
  2534 | D:4      | Reached skill level 5 in Unarmed Combat
  2612 | D:4      | Found a sand-covered staircase.
  2621 | Ossuary  | Entered an ossuary
  2901 | Ossuary  | Noticed Menkaure
  2912 | Ossuary  | Killed Menkaure
  2912 | Ossuary  | Reached XP level 7. HP: 46/67 MP: 7/7
  3020 | D:4      | Reached skill level 6 in Unarmed Combat
  3787 | D:4      | Found a glowing silver altar of Zin.
  4072 | D:5      | Entered Level 5 of the Dungeon
  4078 | D:5      | Found Rotozxeen's Weapon Emporium.
  4521 | D:5      | Found a staircase to the Ecumenical Temple.
  4528 | Temple   | Entered the Ecumenical Temple
  4607 | Temple   | Became a worshipper of Warmaster Okawaru
  4968 | D:6      | Reached XP level 8. HP: 73/79 MP: 8/8
  4969 | D:6      | Found Kiasis's Food Shop.
  5243 | D:6      | Reached skill level 5 in Throwing
  5253 | D:6      | Found Jumuazot's Antique Weapon Shop.
  5410 | D:6      | Found Pairux's Armour Emporium.
  5523 | D:6      | Found Itonoleg's Gadget Shoppe.
  5802 | D:6      | Found Mumm's Assorted Antiques.
  5816 | D:6      | Reached * piety under Okawaru
  5816 | D:6      | Reached skill level 5 in Fighting
  6007 | D:7      | Noticed Dowan
  6021 | D:7      | Killed Dowan
  6022 | D:7      | Slain by a crocodile

Levels and vault maps discovered:
D:1:      matt_arrival_diagonals, layout_rooms, minmay_heptomino_l4
D:2:      layout_basic, first_ration, minmay_bisected, uniq_crazy_yiuf_cottage
D:3:      layout_basic, uniq_ijyb
D:4:      layout_basic, zin_treasury, enter_ossuary_4
D:5:      layout_basic, minmay_temple_entry_metal_lava, serial_shops, shop,
          minmay_misc_feat_pillars
D:6:      layout_basic, serial_shops, shop,
          nicolae_shop_competitors_out_of_business,
          nicolae_shop_window_shopping, kennysheep_mini_moat,
          nicolae_shop_temple_entry_statues_fountains
D:7:      layout_cave_pools, uniq_duvessa, uniq_prince_ribbit1
Temple:   dpeg_three_leaves_temple

Skill      XL: |  1  2  3  4  5  6  7  8 |
---------------+-------------------------+-----
Fighting       | 1 2 3 4 5 |  5.0
Unarmed Combat | 1 2 3 4 5 6 |  6.5
Throwing       | 3 5 |  5.4
Dodging        | |  1.5
Spellcasting   | |  1.0
Hexes          | |  2.0

Action                   |  1- 3 |  4- 6 |  7- 9 || total
-------------------------+-------+-------+-------++-------
Melee: Unarmed           |    85 |   240 |   201 ||   526
       Punch             |       |     3 |     7 ||    10
 Stab: Sleeping          |       |       |     1 ||     1
  Eat: Chunk             |    12 |    14 |    34 ||    60
Armor: Robe              |    66 |    72 |    67 ||   205
Dodge: Dodged            |    65 |   111 |   100 ||   276
